[Event "Late-Titled-Tuesday-Blitz-March-05-2024"]
[Site "Chess.com"]
[Date "2024.03.05"]
[Round "4"]
[White "XeresLt"]
[Black "ozates"]
[Result "0-1"]
[WhiteElo "2467"]
[BlackElo "2600"]
[TimeControl "180+1"]
[EndTime "14:40:47 PST"]
[Termination "ozates won by checkmate"]

1. e4 c5 2. Nf3 Nc6 3. d4 cxd4 4. Nxd4 e5 5. Nb5 d6 6. N1c3 a6 7. Na3 b5 8. Nd5 Nge7 9. c4 Nd4 10. cxb5 Nxd5 11.
exd5 Bd7 12. bxa6 Qa5+ 13. Bd2 Qxd5 14. Nc2 Qe4+ 15. Ne3 f5 16. Qb1 Qh4 17. Nd5 Kf7 18. Nc7 Rc8 19. Bc4+ Kg6 20. a7 Bc6 21. Nd5 Qg4 22.
Ne3 Qh5 23. g4 Qh3 24. Nxf5 Nf3+ 25. Ke2 e4 26. Ne3 Be7 27. Qf1 Nd4+ 28. Ke1 Qf3 29.
h4 h5 30. Rh3 Qf4 31. gxh5+ Rxh5 32. Rg3+ Kh7 33. Rc1 Bxh4 34. Ng2 Nf3+ 35. Rxf3 Qxf3 36. Nxh4 Rxh4 37. Be3 Rh1 38. Qxh1+ Qxh1+ 39. Kd2 Qg2 40. Bd5 Bxd5 41. Rxc8 Qf1 42. a8=Q Qd3+ 43. Kc1 Bxa8 44. Rxa8 d5 45. Ra4 Qf1+ 46. Kd2 Qb1 47. b3 Qb2+ 48. Ke1 Kg6 49. Kf1 Kf5 50. Kg2 g5 51. Ra5 Ke5 52. Ra4 Qc2 53. Bxg5 Qd1 54. Be3 Qf3+ 55. Kh2 Kf5 56. Ra7 Qh5+ 57. Kg1 Kg4 58. Rg7+ Kf3 59. Rg3+ Ke2 60. a4 Qh8 61. a5 d4 62. Bf4 e3 63. fxe3 d3 64. e4 Qd4+ 65. Kh2 d2 66. Rg2+ Kf3 67. Bxd2 Qh8+ 68. Kg1 Qa1+ 69. Kh2 Qe5+ 70.
Kh3 Qh5# 0-1

[Event "Late-Titled-Tuesday-Blitz-March-05-2024"]
[Site "Chess.com"]
[Date "2024.03.05"]
[Round "4"]
[White "Abund"]
[Black "Chopper1905"]
[Result "0-1"]
[WhiteElo "2797"]
[BlackElo "2970"]
[TimeControl "180+1"]
[EndTime "14:40:50 PST"]
[Termination "Chopper1905 won by resignation"]

1. e4 c5 2. Nf3 d6 3. Bb5+ Nd7 4. c3 Nf6 5. Qe2 a6 6. Ba4 b5 7. Bc2 e6 8. O-O Be7 9. d4 Bb7 10. Re1 Qc7 11. Bd3 O-O 12. Nbd2 Rfe8 13. Nf1 Nf8 14.
Ng3 Ng6 15. h3 Bf8 16. Be3 e5 17. d5 Nf4 18. Qd2 Nxd3 19. Qxd3 c4 20. Qd2 a5 21.
a4 Ba6 22. axb5 Bxb5 23. Ra3 Nd7 24. Nf5 f6 25. h4 g6 26. Ng3 h5 27. Nh2 Nc5 28. Bxc5 Qxc5 29. Ngf1 Kh7 30. Qe2 Bh6 31. Ne3 a4 32. Nhf1 Rac8 33. Ng3 Rf8 34. Raa1 Bd7 35.
Rf1 Bxe3 36. fxe3 Bg4 37. Qd2 Ra8 38. Rf2 Kg7 39. Nf1 a3 40. bxa3 Rxa3 41. Rxa3 Qxa3 42. Qb2 Qxb2 43. Rxb2 Rf7 44. Rb6 Rd7 45. Ng3 Kf7 46.
Rc6 f5 47. exf5 gxf5 48. Rxc4 Ra7 49. Rc6 Ke7 50. c4 Ra1+ 51. Kh2 Ra2 52. Kg1 Ra1+ 53. Kh2 Re1 54. c5 dxc5 55. Re6+ Kd7 56. Rxe5 c4 57. d6 Kxd6 58. Ra5 c3 59. Ra6+ Kd5 60. Ra2 Kc4 61.
e4 Kb3 62. Rf2 c2 63. Rxc2 Kxc2 64. exf5 Re8 65. Ne4 Rxe4 66. f6 Re5 67. Kg3 Rf5 68. Kh2 Rxf6 69. Kg3 Kd3 70. Kh2 Ke4 71. Kg1 Kf5 72. Kh2 Ra6 73. Kg3 Ra3+ 74. Kh2 Kf4 75. Kg1 Kg3 0-1

[Event "Late-Titled-Tuesday-Blitz-March-05-2024"]
[Site "Chess.com"]
[Date "2024.03.05"]
[Round "4"]
[White "HajiyevKanan"]
[Black "JoakimVonAnd"]
[Result "1/2-1/2"]
[WhiteElo "2545"]
[BlackElo "2701"]
[TimeControl "180+1"]
[EndTime "14:40:53 PST"]
[Termination "Game drawn by repetition"]

1. d4 d5 2. Nf3 e6 3. c4 a6 4.
cxd5 exd5 5. Nc3 c6 6. Qc2 h6 7. Bf4 Bd6 8. Bxd6 Qxd6 9. e3 Nf6 10. Bd3 O-O 11. O-O Re8 12. Rab1 Nbd7 13. b4 b5 14. a4 Nb6 15. a5 Nc4 16. Bxc4 bxc4 17. Na4 Ra7 18. Nc5 g6 19. Rb2 Bf5 20. Qa4 Kg7 21.
Rc1 h5 22. Ne5 Rc8 23. h3 Nh7 24. f3 f6 25. g4 hxg4 26. hxg4 Be6 27. f4 fxe5 28.
dxe5 Qe7 29. Rg2 Nf8 30. f5 Bxf5 31. gxf5 Qxe5 32. Re1 Qxf5 33. e4 Qe5 34. Qd1 d4 35.
Qg4 Re8 36. Rf1 Rf7 37. Rf5 Rxf5 38. exf5 Qe1+ 39. Kh2 Qe5+ 40. Kh3 Qe3+ 41. Rg3 Qh6+ 42. Kg2 Qd2+ 43. Kh3 Re2 44. Ne6+ Kg8 45. Qxd4 Rh2+ 46.
Kg4 Qe2+ 47. Kg5 Qh5+ 48. Kf6 Qh8+ 49. Ke7 Rh7+ 50. Ke8 Qxd4 51. Nxd4 Rg7 52. fxg6 Rxg6 53. Rxg6+ Nxg6 54. Kd7 Ne5+ 55. Kd6 Nd3 56. Kxc6 Nxb4+ 57. Kb6 c3 58. Kc5 Na2 59. Kb6 Nb4 60. Kc5 c2 61. Nxc2 Nxc2 62. Kc4 Kf7 63. Kc3 Ne3 64. Kd4 Nc2+ 65. Kc3 Ne1 66. Kc4 Ke6 67. Kc5 Nc2 68.
Kb6 Nb4 69. Kc5 Nd5 70. Kc6 Ke5 71. Kc5 Ke4 72. Kc4 Nc7 73. Kc5 Nd5 74. Kc4 Ne3+ 75. Kc5 Nc2 76. Kb6 Nb4 77. Kc5 Nd5 1/2-1/2

[Event "Late-Titled-Tuesday-Blitz-March-05-2024"]
[Site "Chess.com"]
[Date "2024.03.05"]
[Round "4"]
[White "santosalberto1987"]
[Black "nindjaxx8"]
[Result "1/2-1/2"]
[WhiteElo "2541"]
[BlackElo "2697"]
[TimeControl "180+1"]
[EndTime "14:40:58 PST"]
[Termination "Game drawn - insufficient material"]

1. e4 e6 2. d4 d5 3. Nc3 dxe4 4. Nxe4 Nd7 5. Nf3 Ngf6 6. Nxf6+ Nxf6 7. Bd3 Be7 8. c3 O-O 9. Ne5 c5 10. dxc5 Qd5 11. Qe2 h6 12. O-O Qxc5 13. Bf4 b6 14. Qf3 Bd7 15. Nxd7 Nxd7 16. Rad1 Nf6 17. Bc2 Rad8 18.
h3 Qa5 19. Qb7 Bc5 20. b4 Qxa2 21. bxc5 Qxc2 22. Rxd8 Rxd8 23. cxb6 axb6 24. Be5 Nd5 25. Ra1 Nxc3 26. Qxb6 Ne2+ 27. Kh2 Rc8 28. Qe3 Rd8 29. Ra7 Nc1 30. Qg3 g6 31. Qf4 Qf5 32. Qxf5 exf5 33.
Bf4 Nd3 34. Bxh6 Nxf2 35. Bg5 Re8 36. Bf6 Ne4 37. Bd4 Rd8 38. Be5 Re8 39. Bd4 Nd6 40.
Rd7 Nb5 41. Bb2 Rc8 42. Rb7 Nd6 43. Rd7 Nc4 44. Bd4 Nd2 45. h4 Ne4 46. h5 gxh5 47.
Be5 Ng5 48. Bf6 Ne6 49. Rd5 Kh7 50. Rxf5 Kg6 51. Rf3 Rc4 52. Bb2 Rh4+ 53. Kg1 f5 54.
Rg3+ Rg4 55. Rf3 Ng5 56. Re3 Ne4 57. Bc1 h4 58. Rf3 Nd6 59. Rf4 Ne4 60. Rxg4+ fxg4 61. Kh2 Kf5 62. Be3 Kg6 63. Bc1 g3+ 64. Kh3 Kh5 65.
Be3 Nf6 66. Bf4 Ne4 67. Be3 Nd6 68. Bf4 Nf5 69. Be5 Kg5 70. Bc7 Nd4 71. Bxg3 Nf5 72. Bxh4+ Nxh4 73. g3 Nf5 74. Kg2 Nh6 75. Kf2 Ng4+ 76. Kg2 Nf6 77. Kf3 Nh5 78. Kg2 Nxg3 1/2-1/2

[Event "Late-Titled-Tuesday-Blitz-March-05-2024"]
[Site "Chess.com"]
[Date "2024.03.05"]
[Round "4"]
[White "vugarrasulov"]
[Black "Szparu"]
[Result "1/2-1/2"]
[WhiteElo "2956"]
[BlackElo "2800"]
[TimeControl "180+1"]
[EndTime "14:41:02 PST"]
[Termination "Game drawn by repetition"]

1. e4 c5 2. Nf3 a6 3. g3 b5 4. Bg2 Bb7 5. O-O Nc6 6. d4 cxd4 7. Nxd4 e6 8. Re1 Nxd4 9. Qxd4 Ne7 10. Bg5 h6 11. Bxe7 Bxe7 12. Nc3 O-O 13. Rad1 d6 14.
a4 Bc6 15. axb5 axb5 16. e5 d5 17. Ne2 b4 18. Nf4 g6 19. h4 h5 20. Qd3 Kg7 21.
Bh3 Bd7 22. Ra1 Rxa1 23. Rxa1 Qc7 24. Qe3 Qxc2 25. Rc1 Qe4 26. Qxe4 dxe4 27. Rc7 Rd8 28. Bg2 Kf8 29. Bxe4 Ke8 30. Kg2 Rc8 31. Rxc8+ Bxc8 32. Kf3 Bd8 33. Nd3 Be7 34. Ke3 Kd8 35. Kd4 Kc7 36. f4 Kb6 37. b3 Ba6 38. Ke3 Bb5 39. Kf3 Ba6 40. g4 Bxd3 41. Bxd3 Bxh4 42. gxh5 gxh5 43. Bh7 f6 44. Bg8 fxe5 45. fxe5 Be7 46. Bxe6 Kc5 47. Ke4 h4 48. Bg4 Bd8 49. Bh3 Be7 50. Bf1 Bd8 51.
Kf5 Kd4 52. e6 Be7 53. Kg6 Ke5 54. Kf7 Kd6 55. Bh3 Bd8 56. Kg6 Be7 57. Kf5 Bd8 58.
Ke4 Be7 59. Kd4 Kc6 60. Kc4 Kb6 61. Bg2 Kc7 62. Kd5 Bf8 63. Bh3 Be7 64. Ke5 Bf8 65.
Kf6 Kd6 66. Kf7 Be7 67. Bg2 Bd8 68. Bh3 Be7 69. Kg6 Bd8 70. Kf5 Be7 71. Ke4 Bf8 72.
Kd4 Be7 73. Kc4 Kc6 74. Bg4 Kb6 75. Bh3 Kc7 76. Kd5 Kb6 77. Bg4 Kc7 78. Bh3 Kb6 79. Bg4 Kc7 80. Bh3 1/2-1/2

[Event "Late-Titled-Tuesday-Blitz-March-05-2024"]
[Site "Chess.com"]
[Date "2024.03.05"]
[Round "4"]
[White "NoHeThTo"]
[Black "kinga2008"]
[Result "0-1"]
[WhiteElo "2633"]
[BlackElo "2464"]
[TimeControl "180+1"]
[EndTime "14:41:02 PST"]
[Termination "kinga2008 won by checkmate"]

1. c4 Nf6 2. g3 e6 3. Nf3 c5 4. Bg2 Nc6 5. O-O Be7 6. d4 O-O 7. Nc3 cxd4 8. Nxd4 d5 9. cxd5 Nxd5 10. Nxd5 exd5 11.
Be3 Bf6 12. Qd2 Bg4 13. h3 Be6 14. Rfd1 Qd7 15. Nb3 Rfd8 16. Bd4 Nxd4 17. Nxd4 Rac8 18. Kh2 Qa4 19. e3 Bxd4 20. Qxd4 Qxd4 21. Rxd4 Rc2 22. Kg1 Rxb2 23. e4 Rb6 24. exd5 Kf8 25. Rad1 Rbd6 26.
Re1 Bf5 27. g4 Bg6 28. f4 f6 29. Kf2 Bf7 30. Rc1 Ke7 31. Re1+ Kf8 32. Be4 g6 33.
Rc1 f5 34. gxf5 gxf5 35. Bf3 Ke7 36. Re1+ Kf6 37. Re5 Ra6 38. Re2 Rdd6 39. Rc2 Rd7 40. Rb2 Rad6 41. a4 h6 42. Rbd2 Rb6 43. d6 Rb3 44. Bd5 Bxd5 45. Rxd5 Rb4 46. Ke3 Re4+ 47. Kf3 Ke6 48. Rb5 Rxa4 49. Rdd5 Ra3+ 50. Kf2 Ra2+ 51. Kg3 Ra3+ 52. Kh4 Ra4 53. Re5+ Kxd6 54. Rxf5 Kc6 55. Rbc5+ Kb6 56. Rce5 Rdd4 57. Re6+ Kc7 58. Ref6 b5 59. Kh5 b4 60. Kxh6 Rd6 61. Kg7 Rxf6 62. Rxf6 b3 63.
Rf7+ Kc6 64. Rf8 Rb4 65. Rc8+ Kb7 66. Rc1 a5 67. f5 a4 68. f6 a3 69. f7 Rf4 70. Rc4 Rxf7+ 71. Kxf7 a2 72. Rb4+ Kc6 73. Rxb3 a1=Q 74. Rg3 Qf1+ 75. Kg7 Kd6 76. Rg6+ Ke7 77.
h4 Qf8+ 78. Kh7 Kf7 79. h5 Qb4 80. h6 Qe4 81. Kh8 Kxg6 82. Kg8 Qe8# 0-1

[Event "Late-Titled-Tuesday-Blitz-March-05-2024"]
[Site "Chess.com"]
[Date "2024.03.05"]
[Round "4"]
[White "Too_Stupid_To_Play"]
[Black "stregachess"]
[Result "0-1"]
[WhiteElo "2247"]
[BlackElo "2026"]
[TimeControl "180+1"]
[EndTime "14:41:02 PST"]
[Termination "stregachess won by checkmate"]

1. Nf3 d5 2. c4 e6 3. g3 Nf6 4.
Bg2 Be7 5. O-O O-O 6. b3 c6 7. Bb2 b6 8. d3 Bb7 9. Nbd2 Nbd7 10. Re1 Rc8 11. e4 dxe4 12. dxe4 Nc5 13. Ne5 Nd3 14.
Nxd3 Qxd3 15. Nf3 Rfd8 16. Ne5 Qxd1 17. Raxd1 Bb4 18. Rf1 Kf8 19. Nd3 Be7 20. e5 Nd7 21.
f4 Nc5 22. Nb4 a5 23. Rxd8+ Bxd8 24. Nc2 Be7 25. Rd1 Rd8 26. Rxd8+ Bxd8 27. Nd4 Nd3 28. Ba3+ Kg8 29. Nxc6 Bxc6 30. Bxc6 f6 31. Bd6 Nc1 32. Kf2 Nxa2 33. Ke3 Kf7 34. Kd4 Nb4 35. Be4 g6 36. c5 bxc5+ 37. Kxc5 fxe5 38. fxe5 Na2 39. Kc4 Nc1 40.
Bc2 Ne2 41. Kb5 Nd4+ 42. Ka6 Nxc2 43. Bc5 Ke8 44. Kb5 Kd7 45. Kc4 Ne1 46. Kd4 Nf3+ 47.
Ke4 Nxh2 48. Ke3 Ng4+ 49. Kf4 h5 50. Bf8 Kc6 51. Ba3 Kb5 52. Bf8 a4 53. bxa4+ Kxa4 54. Bc5 Kb5 55. Bg1 Kc4 56. Ke4 Bc7 57. Ba7 Bxe5 58. Bg1 Bf6 59. Ba7 Kb5 60. Bg1 Kc6 61. Ba7 Kd7 62. Bg1 Be5 63. Ba7 Bxg3 64. Bg1 Bc7 65.
Ba7 Ke7 66. Bg1 Kf6 67. Kf3 Kf5 68. Kg2 e5 69. Kh1 e4 70. Bb6 g5 71. Bxc7 e3 72.
Kg2 Ne5 73. Bb6 Nc4 74. Bc5 g4 75. Kf1 Ke4 76. Ke2 h4 77. Be7 h3 78. Bd8 Ne5 79.
Bh4 Ng6 80. Bg3 Nf4+ 81. Ke1 Kf3 82. Bh2 Nd3+ 83. Kf1 e2+ 84. Kg1 e1=Q# 0-1

[Event "Late-Titled-Tuesday-Blitz-March-05-2024"]
[Site "Chess.com"]
[Date "2024.03.05"]
[Round "4"]
[White "ContrVersia"]
[Black "TheBigBoss04"]
[Result "1-0"]
[WhiteElo "2870"]
[BlackElo "2683"]
[TimeControl "180+1"]
[EndTime "14:41:03 PST"]
[Termination "ContrVersia won by resignation"]

1. d4 d5 2. c4 e6 3. Nf3 a6 4. Bg5 Be7 5. Bxe7 Qxe7 6. e3 Nf6 7. Nbd2 c5 8. dxc5 Qxc5 9. Rc1 O-O 10. a3 Qe7 11.
cxd5 exd5 12. Nd4 Nc6 13. Nxc6 bxc6 14. Be2 c5 15. Qc2 Rb8 16. b3 c4 17. bxc4 Qxa3 18. O-O dxc4 19. Nxc4 Qe7 20. Na5 Rb6 21. Qxc8 Rxc8 22.
Rxc8+ Ne8 23. Rd1 g6 24. Nc4 Rb4 25. Nd6 Kg7 26. Rxe8 Qd7 27. Re4 Rxe4 28. Nxe4 Qa4 29. Nd2 a5 30. Nc4 Qc2 31. Kf1 a4 32. f3 Qc3 33. Rd5 a3 34. Ra5 Qc1+ 35. Kf2 Qh1 36. h3 Qb1 37. Rxa3 Qb4 38. Ra2 Qc5 39. Rd2 h5 40. Rd4 Qc7 41. h4 Qe7 42. Nd2 Qc7 43. Ne4 Qe7 44. Ng5 f6 45. Ne4 Qc7 46. f4 Qe7 47. f5 gxf5 48. Ng3 Qe5 49. Rf4 Qc7 50.
Nxh5+ Kg6 51. Ng3 Qd6 52. Nxf5 Qe5 53. Ng3 Kg7 54. Rg4+ Kh8 55. h5 f5 56. Rf4 Qd6 57. Nxf5 Qe5 58. Ng3 Qg5 59. Bd3 Qe7 60. h6 Qd6 61. Be2 Qxh6 62. Nf5 Qf6 63. e4 Qe5 64.
g3 Qc5+ 65. Kg2 Qe5 66. Bf3 Qb2+ 67. Kh3 Qe5 68. Rh4+ Kg8 69. Rh6 Qc3 70. Rg6+ Kh8 71. Rh6+ Kg8 72. Bg2 Qc1 73. Rh5 Qd2 74. e5 Qe2 75. Rg5+ Kh8 76. Nh4 Qd3 77. e6 Qe3 78. Rg6 Qe5 79. Kh2 Qd6 80. Rf6 Qe5 81. Ng6+ Kg7 82. Nxe5 Kxf6 83. Nf3 1-0

[Event "Late-Titled-Tuesday-Blitz-March-05-2024"]
[Site "Chess.com"]
[Date "2024.03.05"]
[Round "4"]
[White "TigrVShlyape"]
[Black "Statham_01"]
[Result "0-1"]
[WhiteElo "2853"]
[BlackElo "2595"]
[TimeControl "180+1"]
[EndTime "14:41:12 PST"]
[Termination "Statham_01 won by resignation"]

1. e4 e5 2. Nf3 Nf6 3. Nxe5 Nc6 4. Nxc6 dxc6 5. d3 Bc5 6. Be2 h5 7. h3 Qd4 8. Be3 Qxb2 9. Nd2 Bxe3 10. fxe3 Qe5 11.
Bf3 Qg3+ 12. Ke2 Be6 13. Qe1 Qe5 14. d4 Qg5 15. h4 Qh6 16. Qg3 O-O-O 17. Qg5 Qh7 18.
Rab1 Bg4 19. Bxg4+ hxg4 20. e5 Nd5 21. Qxg4+ Kb8 22.
Ne4 f5 23. exf6 Rhe8 24. Kf3 gxf6 25. Rxb7+ Kxb7 26. Nc5+ Ka8 27. e4 f5 28. exf5 Rf8 29.
Ke2 Rde8+ 30. Kd2 Qh6+ 31. Qg5 Qd6 32. Rf1 Nb6 33. c3 Qd5 34. Qf4 Nc4+ 35. Kd3 Nb2+ 36. Kc2 Nc4 37. Kd3 Nd6 38. Qf3 Qc4+ 39. Kd2 Qxa2+ 40. Kd3 Qc4+ 41. Kd2 Qd5 42. Qxd5 cxd5 43. g4 Ne4+ 44. Kd3 Nxc5+ 45. dxc5 Re4 46. g5 Rxh4 47.
f6 Rg4 48. Rf5 Kb7 49. Rxd5 Kc6 50. Re5 a5 51. Ke3 a4 52. Kf3 Rg1 53. Kf2 Rc1 54. Rf5 a3 55. g6 a2 56. g7 Rd8 57. f7 a1=Q 58. Rf6+ Kb5 59. f8=Q Qb2+ 60. Kg3 Rxc3+ 61. Rf3 Rxf8 62. gxf8=Q Rxf3+ 63. Qxf3 Kxc5 64. Qf5+ Kb6 65. Qe6+ c6 66. Qe2 Qc3+ 67. Kg2 c5 68. Qe6+ Kb5 69. Qd7+ Kb4 70. Qb7+ Kc4 71. Qf7+ Kd3 72.
Qf5+ Kd2 73. Qf2+ Kc1 74. Qf1+ Kb2 75. Qb5+ Ka2 76. Qa6+ Qa3 77. Qc4+ Ka1 78. Kf2 Qa2+ 79. Qxa2+ Kxa2 80. Ke3 Kb3 81. Kd3 c4+ 82. Kd4 c3 0-1

[Event "Late-Titled-Tuesday-Blitz-March-05-2024"]
[Site "Chess.com"]
[Date "2024.03.05"]
[Round "4"]
[White "baki83"]
[Black "Oleksandr_Bortnyk"]
[Result "1-0"]
[WhiteElo "2825"]
[BlackElo "2999"]
[TimeControl "180+1"]
[EndTime "14:41:13 PST"]
[Termination "baki83 won by resignation"]

1. e4 Nf6 2. e5 Nd5 3. d4 d6 4.
Nf3 dxe5 5. Nxe5 c6 6. Be2 Bf5 7. O-O Nd7 8. Nf3 e6 9. c4 N5f6 10. Nc3 Bd6 11. Nh4 Bg6 12. g3 O-O 13. Be3 e5 14. d5 Qc7 15. Rc1 a5 16. Bf3 Rfe8 17. Nxg6 hxg6 18. Qc2 Bc5 19. Bg5 Bd4 20. Ne2 Bc5 21.
Bg2 a4 22. Qd2 Qb6 23. Nc3 Bd4 24. Rc2 Nc5 25. Bxf6 gxf6 26. Ne2 Na6 27. Nxd4 exd4 28. c5 Qb5 29. Qxd4 Nb4 30. Rc4 Nxd5 31. Bxd5 cxd5 32.
Rb4 Qc6 33. Rb6 Re4 34. Qc3 d4 35. Qc4 d3 36. Qxd3 Qxc5 37. Rxb7 Rae8 38. Qd7 Qc4 39. b3 Qe6 40. Qxe6 R8xe6 41. Rd1 Re1+ 42. Rxe1 Rxe1+ 43. Kg2 Re2 44. Ra7 axb3 45. axb3 Rb2 46. Rb7 f5 47. h4 Kg7 48. Kf3 Kf6 49. Ke3 Ke6 50. b4 f6 51. Rb6+ Kf7 52. b5 g5 53. hxg5 fxg5 54.
Rb8 f4+ 55. gxf4 gxf4+ 56. Kf3 Ke7 57. b6 Kd7 58. Rb7+ Kc8 59. Rc7+ Kd8 60. Rc6 Kd7 61. Rf6 Rb4 62. Rh6 Ke7 63. b7 Kd7 64. Rh7+ Kc6 65. Kg4 Kd6 66. f3 Ke6 67. Rg7 Kf6 68. Rc7 Ke5 69.
Rf7 Ke6 70. Rc7 Kf6 71. Rh7 Kg6 72. Rd7 Kf6 73. Rc7 Kg6 74. Rc6+ Kf7 75. Rc7+ Kg6 76. Kh3 Kg5 77. Kg2 Rb2+ 78. Kf1 Kf5 79. Ke1 Ke5 80. Kd1 Kd4 81. Kc1 Rb6 82. Kc2 Ke3 83. Rc3+ Ke2 84. Rb3 Rxb7 85. Rxb7 Kxf3 86. Kd2 Kf2 87. Rf7 f3 88.
Rf6 Kg2 89. Ke3 f2 90. Rxf2+ 1-0

[Event "Late-Titled-Tuesday-Blitz-March-05-2024"]
[Site "Chess.com"]
[Date "2024.03.05"]
[Round "4"]
[White "Walter_White_Poland"]
[Black "rdarruda"]
[Result "0-1"]
[WhiteElo "2368"]
[BlackElo "2526"]
[TimeControl "180+1"]
[EndTime "14:41:13 PST"]
[Termination "rdarruda won on time"]

1. e4 c5 2. Nf3 Nc6 3. Nc3 g6 4. Bb5 Bg7 5. O-O Nf6 6. e5 Ng4 7. Bxc6 dxc6 8. Re1 O-O 9. d3 f6 10. h3 Nxe5 11. Nxe5 fxe5 12. Ne4 b6 13. Bg5 h6 14. Be3 Be6 15. Qe2 Qd5 16. b3 Kh7 17. Rad1 Rad8 18. Kh2 Bf5 19. f3 a5 20. a4 Qd7 21. Rf1 Be6 22.
Qf2 Bd5 23. Qh4 Rf5 24. g4 Rff8 25. Bxh6 Bxh6 26. g5 Qf5 27. gxh6 Qf4+ 28. Qxf4 Rxf4 29. Kg3 Kxh6 30. Rde1 Rdf8 31. Nd2 R4f5 32. h4 g5 33. hxg5+ Rxg5+ 34. Kf2 Rf4 35. Rg1 Rh4 36. Rxg5 Kxg5 37. Ke3 Rh2 38. Rg1+ Kf6 39. Rf1 Rg2 40. Rh1 Kg7 41. Rh5 Kf6 42. Rh8 Rg8 43. Ne4+ Kg6 44. Rh2 Kf5 45. Rh5+ Ke6 46. Rh6+ Kd7 47. Nf2 Rg2 48.
Rh7 Rg3 49. Ne4 Bxe4 50. dxe4 Rg2 51. Kd3 Rf2 52. Rf7 Ke6 53. Rf5 b5 54. Rf8 c4+ 55. bxc4 bxa4 56. Ra8 Rxf3+ 57. Kd2 a3 58. Rxa5 Kd6 59.
c5+ Kc7 60. Ra7+ Kb8 61. Ra4 Kb7 62. c3 Rf2+ 63. Kd3 a2 64. Kc4 Kc7 65. Ra7+ Kd8 66. Ra3 Ke8 67. Kb4 Re2 68. Ka5 Rxe4 69. Kb6 Re2 70.
Kxc6 Kf7 71. Ra7 e4 72. Kd5 e3 73. c6 Rc2 74. Kd4 e2 75. c7 e1=Q 76. c8=Q Qd2+ 77. Ke5 Qxc3+ 78. Qxc3 Rxc3 79. Rxa2 Rc5+ 80. Ke4 Rh5 81.
Rf2+ Ke6 82. Rg2 Rh4+ 83. Ke3 Ke5 84. Rg5+ Kf6 85. Ra5 e5 86. Kf3 Kf5 87. Ra8 Rh3+ 88. Kg2 Rb3 89. Kf2 Kf4 90. Ra4+ e4 0-1

[Event "Late-Titled-Tuesday-Blitz-March-05-2024"]
[Site "Chess.com"]
[Date "2024.03.05"]
[Round "4"]
[White "MaiqMaster"]
[Black "ATM622"]
[Result "1/2-1/2"]
[WhiteElo "2323"]
[BlackElo "2491"]
[TimeControl "180+1"]
[EndTime "14:41:33 PST"]
[Termination "Game drawn - insufficient material"]

1. d4 g6 2. c4 Bg7 3. g3 c5 4.
d5 Nf6 5. Nc3 O-O 6. Bg2 d6 7.
Nf3 Nbd7 8. O-O Ne5 9. Nxe5 dxe5 10. Rb1 e6 11. a3 Rb8 12. b4 cxb4 13. axb4 exd5 14.
Nxd5 Nxd5 15. Bxd5 b5 16. c5 Bh3 17. Bg2 Bf5 18. e4 Be6 19. Be3 Bc4 20. Qxd8 Rfxd8 21. Rfd1 Be6 22. c6 Rdc8 23. Bxa7 Ra8 24. Bc5 Rxc6 25.
Ra1 Rxa1 26. Rxa1 h5 27. Bf1 Bc4 28. Bxc4 bxc4 29. Rc1 Bf8 30. Rxc4 f5 31. f3 Kf7 32. Kf2 Ke6 33. Ke2 Rc8 34. Kd3 Bh6 35. Kc3 f4 36. b5 Bg5 37. b6 Rb8 38. Kb4 Bd8 39. Kb5 g5 40. Rc1 g4 41. gxf4 exf4 42. Rg1 Ke5 43. fxg4 hxg4 44. Rxg4 Bxb6 45. Bxb6 Kxe4 46.
Kc6 Kf3 47. Rxf4+ Kg2 48. Rh4 Rg8 49. Rh6 Kf3 50. Bc7 Kg4 51. Kd5 Kg5 52. Rh7 Kg6 53.
Rh3 Ra8 54. Bd6 Ra5+ 55. Ke4 Rb5 56. Be5 Rb4+ 57. Bd4 Rb5 58. Rg3+ Kh5 59. Be3 Kh4 60. Kf3 Rf5+ 61. Kg2 Ra5 62. Bf2 Kh5 63. h3 Ra4 64. Rf3 Rb4 65. Kg3 Ra4 66. Rf5+ Kg6 67. Rf4 Ra3+ 68.
Kg4 Ra5 69. h4 Rb5 70. Bd4 Rd5 71. Rf6+ Kh7 72. Be3 Re5 73. Bf4 Rd5 74. h5 Kg7 75. Rf5 Rd1 76. Be5+ Kh6 77. Rf6+ Kh7 78. Rf7+ Kg8 79.
Rg7+ Kf8 80. Kf5 Rf1+ 81. Ke6 Rh1 82. Rg5 Rh3 83. Kf5 Kf7 84. Rg7+ Kf8 85. Kg6 Rh1 86. h6 Rg1+ 87. Kh7 Rh1 88. Bd6+ Ke8 89. Rg6 Kf7 90. Rg7+ Kf6 91. Kg8 Rxh6 92. Rf7+ Ke6 93. Bf8 Rg6+ 94. Rg7 Rxg7+ 95. Kxg7 1/2-1/2

[Event "Late-Titled-Tuesday-Blitz-March-05-2024"]
[Site "Chess.com"]
[Date "2024.03.05"]
[Round "5"]
[White "traack"]
[Black "djano"]
[Result "0-1"]
[WhiteElo "2434"]
[BlackElo "2570"]
[TimeControl "180+1"]
[EndTime "14:49:08 PST"]
[Termination "djano won by resignation"]

1. e4 c5 2. Nf3 Nc6 3. Bb5 e5 4. O-O Nge7 5. c3 g6 6. d4 cxd4 7. cxd4 exd4 8. Nxd4 Bg7 9. Be3 O-O 10. Nc3 d5 11. Nxc6 bxc6 12. Be2 d4 0-1

[Event "Late-Titled-Tuesday-Blitz-March-05-2024"]
[Site "Chess.com"]
[Date "2024.03.05"]
[Round "5"]
[White "maximnovik"]
[Black "Miguelito"]
[Result "1-0"]
[WhiteElo "2607"]
[BlackElo "2786"]
[TimeControl "180+1"]
[EndTime "14:49:39 PST"]
[Termination "maximnovik won by resignation"]

1. e4 c5 2. Nf3 d6 3. d4 cxd4 4.
Nxd4 Nf6 5. Nc3 a6 6. Bc4 e6 7. O-O b5 8. Bb3 Be7 9. f4 b4 10. Na4 Nxe4 11. f5 d5 12. fxe6 Bxe6 13. Nxe6 fxe6 14.
Qg4 Qd7 15. Be3 Bf6 16. Nb6 Qa7 17. Qxe6+ 1-0

[Event "Late-Titled-Tuesday-Blitz-March-05-2024"]
[Site "Chess.com"]
[Date "2024.03.05"]
[Round "5"]
[White "Practical-Play"]
[Black "GianmarcoVaR"]
[Result "1/2-1/2"]
[WhiteElo "2574"]
[BlackElo "2772"]
[TimeControl "180+1"]
[EndTime "14:51:24 PST"]
[Termination "Game drawn by repetition"]

1. e4 c5 2. c3 Nf6 3. e5 Nd5 4. d4 cxd4 5. Nf3 Nc6 6. Bc4 Nb6 7. Bb3 d5 8. exd6 Qxd6 9. O-O Be6 10. Na3 Bxb3 11.
Qxb3 e6 12. Nb5 Qb8 13. Nbxd4 Nxd4 14. Nxd4 Bd6 15. Nxe6 fxe6 16. Qxe6+ Kf8 17. Qf5+ Kg8 18. Qe6+ Kf8 19. Qf5+ Kg8 20. Qe6+ Kf8 1/2-1/2

[Event "Late-Titled-Tuesday-Blitz-March-05-2024"]
[Site "Chess.com"]
[Date "2024.03.05"]
[Round "5"]
[White "Bilan_Danila"]
[Black "giomar27"]
[Result "1-0"]
[WhiteElo "2550"]
[BlackElo "2415"]
[TimeControl "180+1"]
[EndTime "14:51:25 PST"]
[Termination "Bilan_Danila won by resignation"]

1. d4 g6 2. Nf3 Bg7 3. Bg5 d6 4. c3 Bg4 5. Nbd2 Nd7 6. e4 h6 7. Bh4 Ngf6 8. Bc4 O-O 9. O-O e5 10. dxe5 Nxe5 11. Be2 g5 12. Bg3 Ng6 13. Nd4 Bxe2 14.
Qxe2 h5 15. f4 h4 16. fxg5 hxg3 17. gxf6 gxh2+ 18. Kxh2 Bxf6 19. Nf5 Be5+ 20. Kg1 Qg5 21. Nf3 Qg4 22. Nh6+ 1-0

[Event "Late-Titled-Tuesday-Blitz-March-05-2024"]
[Site "Chess.com"]
[Date "2024.03.05"]
[Round "5"]
[White "Alphafischer2019"]
[Black "Kombinator01"]
[Result "1-0"]
[WhiteElo "2732"]
[BlackElo "2502"]
[TimeControl "180+1"]
[EndTime "14:51:29 PST"]
[Termination "Alphafischer2019 won by resignation"]

1. e4 e5 2. Nc3 Nf6 3. g3 g6 4.
Bg2 Bg7 5. Nf3 Nc6 6. O-O d6 7. d4 O-O 8. h3 Re8 9. Re1 h6 10. Be3 a6 11. Qd2 Kh7 12. Rad1 exd4 13. Nxd4 Nxd4 14.
Bxd4 Be6 15. f4 Qc8 16. g4 h5 17. f5 Bd7 18. Qf2 g5 19. Bf3 h4 20. Qd2 d5 21.
Qxg5 dxe4 22. Nxe4 Qd8 23. Nxf6+ Bxf6 24. Bxf6 1-0

[Event "Late-Titled-Tuesday-Blitz-March-05-2024"]
[Site "Chess.com"]
[Date "2024.03.05"]
[Round "5"]
[White "Msb2"]
[Black "rychessmaster1"]
[Result "1/2-1/2"]
[WhiteElo "2997"]
[BlackElo "2736"]
[TimeControl "180+1"]
[EndTime "14:51:30 PST"]
[Termination "Game drawn by agreement"]

1. d4 Nf6 2. c4 e6 3. Nc3 Bb4 4. e3 O-O 5. Bd2 b6 6. Nf3 d5 7.
cxd5 exd5 8. Rc1 Bb7 9. Bd3 Be7 10. O-O c5 11. Ne5 Nc6 12. a3 Bd6 13. Ng4 Ne8 14. f4 f5 15. Ne5 cxd4 16. Nxc6 Bxc6 17. exd4 Qd7 18. Qc2 g6 19. Rfe1 Nf6 20. Qb3 Rfe8 21. Nb5 Ne4 22. Bxe4 Rxe4 23. Rxe4 fxe4 24. Nxd6 Qxd6 25.
Be3 Bb7 26. h3 Rc8 27. Rf1 Ba6 28. Rc1 Rxc1+ 29. Bxc1 Qc6 30. Be3 Qc4 31. Qxc4 Bxc4 1/2-1/2

[Event "Late-Titled-Tuesday-Blitz-March-05-2024"]
[Site "Chess.com"]
[Date "2024.03.05"]
[Round "5"]
[White "ContrVersia"]
[Black "Njal28"]
[Result "0-1"]
[WhiteElo "2865"]
[BlackElo "3006"]
[TimeControl "180+1"]
[EndTime "14:51:33 PST"]
[Termination "Njal28 won by resignation"]

1. d4 Nf6 2. c4 c5 3. d5 b5 4.
cxb5 a6 5. e3 g6 6. Nc3 Bg7 7.
a4 O-O 8. Nf3 axb5 9. Bxb5 d6 10.
O-O Na6 11. e4 Nc7 12. Bc6 Rb8 13. Ra3 Ba6 14. Re1 Ng4 15. Bf4 Rxb2 16. Bg3 Qb8 17. e5 Qb4 18. Qa1 Rb8 19. Re4 Qxe4 20. Nxe4 Rb1+ 21.
Ne1 Rxa1 22. Rxa1 Nxe5 23. Bxe5 Bxe5 24. Rc1 Rb4 25. Nd2 Bf4 26. Nef3 Rb2 0-1

[Event "Late-Titled-Tuesday-Blitz-March-05-2024"]
[Site "Chess.com"]
[Date "2024.03.05"]
[Round "5"]
[White "TheAlienParty"]
[Black "martinez_95"]
[Result "1-0"]
[WhiteElo "2393"]
[BlackElo "2220"]
[TimeControl "180+1"]
[EndTime "14:51:38 PST"]
[Termination "TheAlienParty won by resignation"]

1. c4 Nf6 2. Nc3 e6 3. e4 c5 4. g3 Nc6 5. Bg2 d6 6. Nge2 Be7 7. O-O O-O 8. d4 cxd4 9. Nxd4 Bd7 10. Nc2 a6 11.
Bf4 Rc8 12. Bxd6 Na5 13. b3 Bc6 14. Bxe7 Qxe7 15. e5 Nd7 16. Qd6 Qxd6 17. exd6 Bxg2 18. Kxg2 b5 19. Nb4 bxc4 20. Nxa6 cxb3 21. Nb5 b2 22.
Rab1 Nc4 23. Rfd1 Ra8 24. Nbc7 Ra7 25. Rd4 Ndb6 26. a4 e5 27. Rh4 Nxd6 28. Rxb2 e4 29. Rxb6 1-0